Santa Cruz Tiger Sharks vs Edmonton Oil Kings
Created - Monday, March 27, 2023 at 08:08
Goals
|
| Santa Cruz Tiger Sharks |
0 |
4 |
1 |
5 |
| Edmonton Oil Kings |
0 |
3 |
0 |
3 |
|
Shots
|
| Santa Cruz Tiger Sharks |
15 |
17 |
12 |
44 |
| Edmonton Oil Kings |
10 |
12 |
13 |
35 |
|
1st period
No Goal
Penalties :
Kristians Rubins (SCS) for Hooking (Minor) at 10:50
2nd period
1. Santa Cruz Tiger Sharks , Kevin Rooney 1 (Alexander Volkov 2, Kieffer Bellows 3) at 0:50
2. Santa Cruz Tiger Sharks , Kailer Yamamoto 7 (Jack Roslovic 11) at 6:00 (PP)
3. Santa Cruz Tiger Sharks , David Gustafsson 2 (Jesper Boqvist 9, Austin Strand 4) at 12:37
4. Edmonton Oil Kings , Noah Gregor 8 (Gabriel Carlsson 5, Dylan Holloway 3) at 14:11
5. Edmonton Oil Kings , Josh Mahura 3 (Dillon Dube 10, Dawson Mercer 17) at 14:33 (PP)
6. Santa Cruz Tiger Sharks , Kevin Rooney 2 (Alexander Volkov 3, Zach Sanford 10) at 15:27
7. Edmonton Oil Kings , Filip Zadina 4 (Ryan McLeod 11, Joey Anderson 3) at 17:50 (PP)
Penalties :
Dysin Mayo (EOK) for Hooking (Minor) at 1:17, Hunter Drew (SCS) for Charging (Minor) at 3:33, Brett Kulak (EOK) for Roughing (Minor) at 5:59, Kailer Yamamoto (SCS) for Interference (Minor) at 9:03, Jack Roslovic (SCS) for Holding (Minor) at 14:24, Kevin Rooney (SCS) for Interference (Minor) at 16:18
3rd period
8. Santa Cruz Tiger Sharks , Zach Sanford 3 (Michael McLeod 8, Jesper Boqvist 10) at 0:56
Penalties :
Hunter Drew (SCS) for Tripping (Minor) at 2:55, Kailer Yamamoto (SCS) for Hooking (Minor) at 6:35
Goalie Stats
Carter Hart (SCS), 32 saves from 35 shots - (0.914), W, 4-3-1, 60:00 minutes
Adam Huska (EOK), 39 saves from 44 shots - (0.886), L, 4-3-0, 60:00 minutes
Players Stats for Santa Cruz Tiger Sharks
Player Name G A P +/- PIM S H SB GA TA FO MP PP MP PK MP
------------------------------------------------------------------------------------
Alexander Volkov 0 2 2 2 0 3 1 0 1 2 1/2 15:27 0:00 3:08
Austin Strand 0 1 1 3 0 5 2 1 0 3 0/0 28:43 1:10 6:09
Calle Rosen 0 0 0 -1 0 2 0 0 0 0 0/0 19:46 0:50 4:54
Carter Rowney 0 0 0 0 0 1 0 2 1 0 0/0 6:33 0:00 0:00
David Gustafsson 1 0 1 1 0 3 1 0 0 0 1/1 7:27 0:03 0:04
Evgeny Svechnikov 0 0 0 0 0 1 1 0 0 0 0/0 6:33 0:00 0:00
Hunter Drew 0 0 0 1 4 0 0 0 0 1 0/0 12:24 0:00 1:00
Jack Roslovic 0 1 1 0 2 1 2 1 2 0 20/33 22:23 1:03 6:44
Jesper Boqvist 0 2 2 1 0 1 1 0 0 0 0/0 13:29 0:54 0:16
Kailer Yamamoto 1 0 1 0 4 3 2 0 1 1 0/1 20:58 1:06 4:51
Kevin Rooney 2 0 2 2 2 3 1 2 1 0 4/6 12:19 0:03 0:40
Kieffer Bellows 0 1 1 2 0 3 0 0 2 0 0/1 11:32 0:00 0:00
Kristians Rubins 0 0 0 1 2 1 0 0 0 2 0/0 11:20 0:00 0:16
Michael McLeod 0 1 1 1 0 5 0 0 0 1 5/7 16:27 0:54 2:51
Sean Day 0 0 0 -1 0 0 3 2 0 0 0/0 19:46 0:50 4:54
Tobias Bjornfot 0 0 0 3 0 7 2 0 1 1 0/0 28:33 1:10 5:59
Travis Boyd 0 0 0 0 0 1 2 0 2 0 0/3 18:50 1:03 3:01
Zach Sanford 1 1 2 0 0 4 1 2 0 0 0/1 15:47 0:54 1:37
Players Stats for Edmonton Oil Kings
Player Name G A P +/- PIM S H SB GA TA FO MP PP MP PK MP
------------------------------------------------------------------------------------
Brett Kulak 0 0 0 -1 2 1 1 2 1 3 0/0 22:18 3:52 0:37
Connor McMichael 0 0 0 -2 0 1 0 0 0 0 0/1 8:54 0:34 0:00
Dawson Mercer 0 1 1 0 0 4 0 1 4 0 2/9 20:53 6:13 0:28
Dillon Dube 0 1 1 0 0 1 2 0 3 0 0/2 18:14 6:11 0:28
Dylan Holloway 0 1 1 0 0 0 1 1 1 0 5/10 11:23 0:00 0:00
Dysin Mayo 0 0 0 -1 2 1 2 0 0 1 0/0 26:14 7:18 0:01
Filip Zadina 1 0 1 0 0 5 3 0 1 0 0/1 19:28 5:20 0:00
Gabriel Carlsson 0 1 1 -1 0 2 0 3 0 0 0/0 21:41 3:52 0:00
Jack Johnson 0 0 0 -1 0 1 3 2 0 2 0/0 20:15 0:26 1:23
Joey Anderson 0 1 1 -1 0 2 0 1 0 1 0/0 16:45 4:25 0:00
Josh Mahura 1 0 1 -1 0 1 3 0 0 1 0/0 18:41 7:11 1:22
Julien Gauthier 0 0 0 -2 0 3 3 0 1 0 0/0 9:24 0:25 0:31
Libor Hajek 0 0 0 -1 0 1 0 1 0 0 0/0 10:50 0:33 0:37
Morgan Barron 0 0 0 -1 0 3 3 0 0 1 0/0 12:54 0:00 0:31
Nikita Alexandrov 0 0 0 -2 0 1 0 0 0 1 0/1 8:52 0:34 0:00
Noah Gregor 1 0 1 0 0 5 2 0 0 0 0/0 18:39 6:11 1:01
Ryan McLeod 0 1 1 0 0 3 0 0 0 0 14/26 20:10 4:55 1:01
Tyler Angle 0 0 0 -1 0 0 1 0 0 1 3/5 12:23 0:00 0:00
3 Stars
1 - Kevin Rooney (SCS)
2 - Zach Sanford (SCS)
3 - Alexander Volkov (SCS)
Power Play
Santa Cruz Tiger Sharks - 1 on 2 Attempt(s) - 50.00%
Edmonton Oil Kings - 2 on 7 Attempt(s) - 28.57%
Penalty Kill
Santa Cruz Tiger Sharks - 5 on 7 Attempt(s) - 71.43%
- Score 0 goal in Penalty Kill
Edmonton Oil Kings - 1 on 2 Attempt(s) - 50.00%
- Score 0 goal in Penalty Kill
Team Stat
Santa Cruz Tiger Sharks - Hits : 19 - Faceoff Wins : 31 - Blocked Shots : 10 - Penalty Minutes : 14
Edmonton Oil Kings - Hits : 24 - Faceoff Wins : 24 - Blocked Shots : 11 - Penalty Minutes : 4
Official
Referees : Jacob Brenk and Dave Lewis
Linesman : Michel Cormier and Tim Nowak
Game Notes
No Game Note
Santa Cruz Tiger Sharks
5 vs 5 Forward
Center Left Wing Right Wing Time % Phy DF OF
1 Jack Roslovic Travis Boyd Kailer Yamamoto 40 1 2 2
2 Michael McLeod Zach Sanford Jesper Boqvist 30 1 2 2
3 Kevin Rooney Kieffer Bellows Alexander Volkov 20 1 2 2
4 David Gustafsson Evgeny Svechnikov Carter Rowney 10 1 2 2
5 vs 5 Defense
Defense Defense Time % Phy DF OF
1 Tobias Bjornfot Austin Strand 40 1 2 2
2 Calle Rosen Sean Day 30 1 2 2
3 Kristians Rubins Hunter Drew 20 1 2 2
4 Tobias Bjornfot Austin Strand 10 1 2 2
PowerPlay Forward
Center Left Wing Right Wing Time % Phy DF OF
1 Jack Roslovic Travis Boyd Kailer Yamamoto 60 1 2 2
2 Michael McLeod Zach Sanford Jesper Boqvist 40 1 2 2
PowerPlay Defense
Defense Defense Time % Phy DF OF
1 Tobias Bjornfot Austin Strand 60 1 2 2
2 Calle Rosen Sean Day 40 1 2 2
Penalty Kill 4 Players Forward
Center Wing Time % Phy DF OF
1 Jack Roslovic Kailer Yamamoto 60 1 2 2
2 Michael McLeod Travis Boyd 40 1 2 2
Penalty Kill 4 Players Defense
Defense Defense Time % Phy DF OF
1 Tobias Bjornfot Austin Strand 60 1 2 2
2 Calle Rosen Sean Day 40 1 2 2
Penalty Kill - 3 Players Forward
Forward Time % Phy DF OF
1 Jack Roslovic 60 1 2 2
2 Kailer Yamamoto 40 1 2 2
Penalty Kill - 3 Players Defense
Defense Defense Time % Phy DF OF
1 Tobias Bjornfot Austin Strand 60 1 2 2
2 Calle Rosen Sean Day 40 1 2 2
4 vs 4 Forward
Center Wing Time % Phy DF OF
1 Jack Roslovic Kailer Yamamoto 60 1 2 2
2 Michael McLeod Travis Boyd 40 1 2 2
4 vs 4 Defense
Defense Defense Time % Phy DF OF
1 Tobias Bjornfot Austin Strand 60 1 2 2
2 Calle Rosen Sean Day 40 1 2 2
Last Minutes Offensive
Center Left Wing Right Wing Defense Defense
Jack Roslovic Travis Boyd Kailer Yamamoto Tobias Bjornfot Austin Strand
Last Minutes Defensive
Center Left Wing Right Wing Defense Defense
Jack Roslovic Travis Boyd Kailer Yamamoto Tobias Bjornfot Austin Strand
Goaltenders
Starting : Carter Hart
Backup : Mikhail Berdin
Extra Forwards
Normal : David Gustafsson, Kevin Rooney, Alexander Volkov - PP : David Gustafsson, Kevin Rooney - PK : Alexander Volkov
Extra Defensemen
Normal : Kristians Rubins, Hunter Drew, Calle Rosen - PP : Kristians Rubins - PK : Hunter Drew, Calle Rosen
Penalty Shots
Jack Roslovic, Kailer Yamamoto, Michael McLeod, Travis Boyd, Zach Sanford
Edmonton Oil Kings
5 vs 5 Forward
Center Left Wing Right Wing Time % Phy DF OF
1 Ryan McLeod Filip Zadina Dawson Mercer 40 0 2 3
2 Dylan Holloway Noah Gregor Dillon Dube 30 0 2 3
3 Tyler Angle Morgan Barron Joey Anderson 20 0 2 3
4 Nikita Alexandrov Connor McMichael Julien Gauthier 10 0 2 3
5 vs 5 Defense
Defense Defense Time % Phy DF OF
1 Dysin Mayo Jack Johnson 40 1 3 1
2 Brett Kulak Gabriel Carlsson 40 1 4 0
3 Libor Hajek Josh Mahura 20 1 3 1
4 Dysin Mayo Jack Johnson 0 1 2 2
PowerPlay Forward
Center Left Wing Right Wing Time % Phy DF OF
1 Dawson Mercer Noah Gregor Dillon Dube 60 0 0 5
2 Ryan McLeod Filip Zadina Joey Anderson 40 0 1 4
PowerPlay Defense
Defense Defense Time % Phy DF OF
1 Dysin Mayo Josh Mahura 60 0 1 4
2 Brett Kulak Gabriel Carlsson 40 0 1 4
Penalty Kill 4 Players Forward
Center Wing Time % Phy DF OF
1 Ryan McLeod Noah Gregor 60 1 4 0
2 Dawson Mercer Dillon Dube 40 1 4 0
Penalty Kill 4 Players Defense
Defense Defense Time % Phy DF OF
1 Dysin Mayo Jack Johnson 60 1 4 0
2 Brett Kulak Libor Hajek 40 1 4 0
Penalty Kill - 3 Players Forward
Forward Time % Phy DF OF
1 Ryan McLeod 60 1 4 0
2 Noah Gregor 40 1 4 0
Penalty Kill - 3 Players Defense
Defense Defense Time % Phy DF OF
1 Dysin Mayo Jack Johnson 60 1 4 0
2 Brett Kulak Libor Hajek 40 1 4 0
4 vs 4 Forward
Center Wing Time % Phy DF OF
1 Ryan McLeod Dillon Dube 60 0 2 3
2 Dawson Mercer Noah Gregor 40 0 2 3
4 vs 4 Defense
Defense Defense Time % Phy DF OF
1 Dysin Mayo Jack Johnson 60 0 3 2
2 Brett Kulak Josh Mahura 40 0 2 3
Last Minutes Offensive
Center Left Wing Right Wing Defense Defense
Ryan McLeod Dillon Dube Dawson Mercer Dysin Mayo Jack Johnson
Last Minutes Defensive
Center Left Wing Right Wing Defense Defense
Ryan McLeod Noah Gregor Dillon Dube Dysin Mayo Jack Johnson
Goaltenders
Starting : Adam Huska
Backup : Karel Vejmelka
Extra Forwards
Normal : Nikita Alexandrov, Connor McMichael, Julien Gauthier - PP : Nikita Alexandrov, Connor McMichael - PK : Julien Gauthier
Extra Defensemen
Normal : Libor Hajek, Josh Mahura, Brett Kulak - PP : Libor Hajek - PK : Josh Mahura, Brett Kulak
Penalty Shots
Dawson Mercer, Dillon Dube, Noah Gregor, Filip Zadina, Ryan McLeod
% Time on Ice - Santa Cruz Tiger Sharks
Lines # - Real PCT - Wanted PCT - Time Play
Normal Forward
1 - 34% - 40% - 15:59
2 - 27% - 30% - 12:20
3 - 25% - 20% - 11:32
4 - 14% - 10% - 6:33
Normal Defense
1 - 43% - 40% - 20:11
2 - 31% - 30% - 14:11
3 - 23% - 20% - 10:49
4 - 3% - 10% - 1:13
PP Forward
1 - 55% - 60% - 1:06
2 - 45% - 40% - 0:54
PP Defense
1 - 58% - 60% - 1:10
2 - 42% - 40% - 0:50
PK Forward
1 - 74% - 60% - 8:35
2 - 26% - 40% - 3:01
PK Defense
1 - 55% - 60% - 6:26
2 - 45% - 40% - 5:10
PK3 Forward
1 - 0% - 60%
2 - 0% - 40%
PK3 Defense
1 - 0% - 60%
2 - 0% - 40%
44 Forward
1 - 0% - 60%
2 - 0% - 40%
44 Defense
1 - 0% - 60%
2 - 0% - 40%
Last Minute Offensive - 0:00
Last Minute Defensive - 0:00
Total
Forward - 60:00
Defense - 60:00
|
% Time on Ice - Edmonton Oil Kings
Lines # - Real PCT - Wanted PCT - Time Play
Normal Forward
1 - 32% - 40% - 14:40
2 - 25% - 30% - 11:31
3 - 27% - 20% - 12:23
4 - 17% - 10% - 7:50
Normal Defense
1 - 42% - 40% - 19:29
2 - 38% - 40% - 17:50
3 - 20% - 20% - 9:05
4 - 0% - 0% - 0:00
PP Forward
1 - 58% - 60% - 6:41
2 - 42% - 40% - 4:55
PP Defense
1 - 67% - 60% - 7:44
2 - 33% - 40% - 3:52
PK Forward
1 - 77% - 60% - 1:32
2 - 23% - 40% - 0:28
PK Defense
1 - 69% - 60% - 1:23
2 - 31% - 40% - 0:37
PK3 Forward
1 - 0% - 60%
2 - 0% - 40%
PK3 Defense
1 - 0% - 60%
2 - 0% - 40%
44 Forward
1 - 0% - 60%
2 - 0% - 40%
44 Defense
1 - 0% - 60%
2 - 0% - 40%
Last Minute Offensive - 0:00
Last Minute Defensive - 0:00
Total
Forward - 60:00
Defense - 60:00
|
Play-by-Play
1st period
0:01 of 1st period - Ryan McLeod wins face-off versus Jack Roslovic in neutral zone.
0:08 of 1st period - Jack Johnson is hit by Austin Strand.
0:30 of 1st period - Austin Strand is hit by Dylan Holloway and loses puck.
0:49 of 1st period - Wrist shot by Alexander Volkov.
0:49 of 1st period - Stopped by Adam Huska with a rebound.
0:51 of 1st period - Snap shot by Tobias Bjornfot.
0:51 of 1st period - Stopped by Adam Huska with a rebound.
0:53 of 1st period - Slapshot by Tobias Bjornfot.
0:53 of 1st period - Deflect By Joey Anderson.
0:53 of 1st period - Stopped by Adam Huska with a rebound.
0:55 of 1st period - Slapshot by Tobias Bjornfot.
0:55 of 1st period - Stopped by Adam Huska with a rebound.
0:57 of 1st period - Slapshot by Alexander Volkov.
0:57 of 1st period - Deflect By Kevin Rooney.
0:57 of 1st period - Stopped by Adam Huska with a rebound.
1:29 of 1st period - Wrist shot by David Gustafsson.
1:29 of 1st period - Shot Misses the Net.
1:31 of 1st period - Snap shot by David Gustafsson.
1:31 of 1st period - Stopped by Adam Huska with a rebound.
1:55 of 1st period - Wrist shot by Noah Gregor.
1:55 of 1st period - Stopped by Carter Hart with a rebound.
1:57 of 1st period - Snap shot by Noah Gregor.
1:57 of 1st period - Shot Misses the Net.
3:29 of 1st period - Snap shot by Filip Zadina.
3:29 of 1st period - Shot Misses the Net.
3:31 of 1st period - Snap shot by Filip Zadina.
3:31 of 1st period - Stopped by Carter Hart without a rebound.
3:32 of 1st period - Kevin Rooney wins face-off versus Ryan McLeod in Santa Cruz Tiger Sharks zone.
3:43 of 1st period - Snap shot by Kieffer Bellows.
3:43 of 1st period - Stopped by Adam Huska with a rebound.
3:59 of 1st period - Austin Strand is hit by Josh Mahura and loses puck.
4:06 of 1st period - Travis Boyd is hit by Josh Mahura and loses puck.
4:19 of 1st period - Snap shot by Joey Anderson.
4:19 of 1st period - Shot Misses the Net.
4:21 of 1st period - Slapshot by Gabriel Carlsson.
4:21 of 1st period - Deflect By Joey Anderson.
4:21 of 1st period - Shot Blocked by Sean Day.
4:21 of 1st period - Puck is out of play.
4:22 of 1st period - Tyler Angle wins face-off versus Michael McLeod in Santa Cruz Tiger Sharks zone.
4:50 of 1st period - Snap shot by Joey Anderson.
4:50 of 1st period - Shot Misses the Net.
4:58 of 1st period - Wrist shot by Zach Sanford.
4:58 of 1st period - Shot Misses the Net.
5:00 of 1st period - Snap shot by Michael McLeod.
5:00 of 1st period - Shot Misses the Net.
5:02 of 1st period - Slapshot by Austin Strand.
5:02 of 1st period - Shot Blocked by Brett Kulak.
5:04 of 1st period - Slapshot by Tobias Bjornfot.
5:04 of 1st period - Shot Blocked by Gabriel Carlsson.
5:06 of 1st period - Snap shot by Austin Strand.
5:06 of 1st period - Shot Misses the Net.
5:45 of 1st period - Wrist shot by Zach Sanford.
5:45 of 1st period - Stopped by Adam Huska with a rebound.
5:47 of 1st period - Slapshot by Michael McLeod.
5:47 of 1st period - Stopped by Adam Huska with a rebound.
5:49 of 1st period - Wrist shot by Austin Strand.
5:49 of 1st period - Shot Blocked by Gabriel Carlsson.
5:51 of 1st period - Slapshot by Tobias Bjornfot.
5:51 of 1st period - Shot Misses the Net.
5:53 of 1st period - Slapshot by Tobias Bjornfot.
5:53 of 1st period - Stopped by Adam Huska with a rebound.
5:55 of 1st period - Slapshot by Austin Strand.
5:55 of 1st period - Stopped by Adam Huska with a rebound.
6:08 of 1st period - Snap shot by Zach Sanford.
6:08 of 1st period - Stopped by Adam Huska with a rebound.
6:36 of 1st period - Wrist shot by Zach Sanford.
6:36 of 1st period - Stopped by Adam Huska with a rebound.
6:46 of 1st period - Joey Anderson is hit by Zach Sanford and loses puck.
7:03 of 1st period - Snap shot by Jesper Boqvist.
7:03 of 1st period - Shot Blocked by Gabriel Carlsson.
7:05 of 1st period - Wrist shot by Tobias Bjornfot.
7:05 of 1st period - Stopped by Adam Huska with a rebound.
7:13 of 1st period - Jesper Boqvist is hit by Morgan Barron and loses puck.
7:55 of 1st period - Snap shot by Morgan Barron.
7:55 of 1st period - Stopped by Carter Hart without a rebound.
7:56 of 1st period - Ryan McLeod wins face-off versus Jack Roslovic in Santa Cruz Tiger Sharks zone.
8:23 of 1st period - Dillon Dube is hit by Evgeny Svechnikov and loses puck.
8:48 of 1st period - Kevin Rooney is hit by Julien Gauthier and loses puck.
9:09 of 1st period - Kailer Yamamoto is hit by Filip Zadina and loses puck.
9:54 of 1st period - Icing by Kieffer Bellows.
9:55 of 1st period - Ryan McLeod wins face-off versus Kevin Rooney in Santa Cruz Tiger Sharks zone.
10:44 of 1st period - Wrist shot by Julien Gauthier.
10:44 of 1st period - Shot Misses the Net.
10:50 of 1st period - Minor Penalty to Kristians Rubins for Hooking.
10:51 of 1st period - Jack Roslovic wins face-off versus Dawson Mercer in Santa Cruz Tiger Sharks zone.
11:08 of 1st period - Calle Rosen is hit by Dillon Dube.
12:20 of 1st period - Icing by Filip Zadina.
12:21 of 1st period - Alexander Volkov wins face-off versus Connor McMichael in Edmonton Oil Kings zone.
12:32 of 1st period - Jack Roslovic is hit by Jack Johnson and loses puck.
12:50 of 1st period - Penalty to Kristians Rubins is over, Kristians Rubins is back on ice.
13:22 of 1st period - Slapshot by Dillon Dube.
13:22 of 1st period - Shot Misses the Net.
13:32 of 1st period - Kieffer Bellows is hit by Brett Kulak and loses puck.
14:01 of 1st period - Slapshot by Jesper Boqvist.
14:01 of 1st period - Shot Misses the Net.
14:58 of 1st period - Zach Sanford is hit by Tyler Angle and loses puck.
15:15 of 1st period - Wrist shot by Julien Gauthier.
15:15 of 1st period - Shot Blocked by Carter Rowney.
16:21 of 1st period - Snap shot by Dawson Mercer.
16:21 of 1st period - Shot Misses the Net.
16:23 of 1st period - Snap shot by Dawson Mercer.
16:23 of 1st period - Stopped by Carter Hart with a rebound.
16:35 of 1st period - Wrist shot by Ryan McLeod.
16:35 of 1st period - Stopped by Carter Hart with a rebound.
16:37 of 1st period - Slapshot by Dawson Mercer.
16:37 of 1st period - Shot Misses the Net.
16:39 of 1st period - Wrist shot by Dawson Mercer.
16:39 of 1st period - Shot Blocked by Sean Day.
16:41 of 1st period - Slapshot by Jack Johnson.
16:41 of 1st period - Shot Blocked by Kevin Rooney.
16:43 of 1st period - Slapshot by Jack Johnson.
16:43 of 1st period - Shot Misses the Net.
16:45 of 1st period - Snap shot by Ryan McLeod.
16:45 of 1st period - Stopped by Carter Hart with a rebound.
16:47 of 1st period - Snap shot by Dawson Mercer.
16:47 of 1st period - Stopped by Carter Hart with a rebound.
16:49 of 1st period - Snap shot by Ryan McLeod.
16:49 of 1st period - Shot Misses the Net.
16:51 of 1st period - Wrist shot by Filip Zadina.
16:51 of 1st period - Stopped by Carter Hart with a rebound.
16:53 of 1st period - Slapshot by Dawson Mercer.
16:53 of 1st period - Stopped by Carter Hart without a rebound.
16:54 of 1st period - Jack Roslovic wins face-off versus Dylan Holloway in Santa Cruz Tiger Sharks zone.
17:40 of 1st period - Kailer Yamamoto is hit by Morgan Barron and loses puck.
17:49 of 1st period - Snap shot by Kailer Yamamoto.
17:49 of 1st period - Deflect By Jack Roslovic.
17:49 of 1st period - Shot Blocked by Joey Anderson.
17:49 of 1st period - Puck is out of play.
17:50 of 1st period - Michael McLeod wins face-off versus Dylan Holloway in Edmonton Oil Kings zone.
18:01 of 1st period - Wrist shot by Jesper Boqvist.
18:01 of 1st period - Shot Misses the Net.
18:03 of 1st period - Slapshot by Michael McLeod.
18:03 of 1st period - Shot Misses the Net.
18:05 of 1st period - Snap shot by Austin Strand.
18:05 of 1st period - Shot Misses the Net.
18:20 of 1st period - Snap shot by Evgeny Svechnikov.
18:20 of 1st period - Shot Misses the Net.
18:22 of 1st period - Wrist shot by Carter Rowney.
18:22 of 1st period - Shot Misses the Net.
18:24 of 1st period - Wrist shot by Austin Strand.
18:24 of 1st period - Deflect By Evgeny Svechnikov.
18:24 of 1st period - Stopped by Adam Huska with a rebound.
18:44 of 1st period - Snap shot by Julien Gauthier.
18:44 of 1st period - Stopped by Carter Hart with a rebound.
18:54 of 1st period - Joey Anderson is hit by David Gustafsson and loses puck.
19:10 of 1st period - Gabriel Carlsson is hit by Jack Roslovic and loses puck.
Goals for this period are 0 for Santa Cruz Tiger Sharks vs 0 for Edmonton Oil Kings.
Shots for this period are 15 for Santa Cruz Tiger Sharks vs 10 for Edmonton Oil Kings.
2nd period
0:01 of 2nd period - Ryan McLeod wins face-off versus Jack Roslovic in neutral zone.
0:26 of 2nd period - Tobias Bjornfot is hit by Dysin Mayo and loses puck.
0:48 of 2nd period - Wrist shot by Kieffer Bellows.
0:48 of 2nd period - Shot Misses the Net.
0:50 of 2nd period - Wrist shot by Alexander Volkov.
0:50 of 2nd period - Deflect By Kevin Rooney.
0:50 of 2nd period - Goal by Kevin Rooney - Santa Cruz Tiger Sharks : 1 - Edmonton Oil Kings : 0.
0:51 of 2nd period - Jack Roslovic wins face-off versus Ryan McLeod in neutral zone.
1:06 of 2nd period - Slapshot by Filip Zadina.
1:06 of 2nd period - Stopped by Carter Hart with a rebound.
1:17 of 2nd period - Minor Penalty to Dysin Mayo for Hooking.
1:18 of 2nd period - Jack Roslovic wins face-off versus Ryan McLeod in Edmonton Oil Kings zone.
1:18 of 2nd period - Snap shot by Travis Boyd.
1:18 of 2nd period - Shot Blocked by Jack Johnson.
1:20 of 2nd period - Wrist shot by Jack Roslovic.
1:20 of 2nd period - Stopped by Adam Huska without a rebound.
1:21 of 2nd period - Ryan McLeod wins face-off versus Jack Roslovic in Edmonton Oil Kings zone.
1:30 of 2nd period - Tobias Bjornfot is hit by Jack Johnson and loses puck.
2:17 of 2nd period - Julien Gauthier is hit by Travis Boyd and loses puck.
3:17 of 2nd period - Penalty to Dysin Mayo is over, Dysin Mayo is back on ice.
3:24 of 2nd period - Snap shot by Julien Gauthier.
3:24 of 2nd period - Stopped by Carter Hart with a rebound.
3:26 of 2nd period - Backhand shot by Gabriel Carlsson.
3:26 of 2nd period - Shot Blocked by Kevin Rooney.
3:28 of 2nd period - Snap shot by Gabriel Carlsson.
3:28 of 2nd period - Deflect By Calle Rosen.
3:28 of 2nd period - Stopped by Carter Hart without a rebound.
3:29 of 2nd period - Tyler Angle wins face-off versus Kieffer Bellows in Santa Cruz Tiger Sharks zone.
3:33 of 2nd period - Minor Penalty to Hunter Drew for Charging.
3:34 of 2nd period - Dawson Mercer wins face-off versus Kailer Yamamoto in Santa Cruz Tiger Sharks zone.
3:59 of 2nd period - Austin Strand is hit by Josh Mahura and loses puck.
4:06 of 2nd period - Backhand shot by Dillon Dube.
4:06 of 2nd period - Deflect By Dawson Mercer.
4:06 of 2nd period - Shot Misses the Net.
4:06 of 2nd period - Puck is out of play.
4:07 of 2nd period - Ryan McLeod wins face-off versus Jack Roslovic in Santa Cruz Tiger Sharks zone.
4:10 of 2nd period - Snap shot by Joey Anderson.
4:10 of 2nd period - Shot Misses the Net.
4:12 of 2nd period - Snap shot by Joey Anderson.
4:12 of 2nd period - Shot Misses the Net.
4:14 of 2nd period - Slapshot by Brett Kulak.
4:14 of 2nd period - Shot Misses the Net.
5:33 of 2nd period - Penalty to Hunter Drew is over, Hunter Drew is back on ice.
5:59 of 2nd period - Minor Penalty to Brett Kulak for Roughing.
6:00 of 2nd period - Jack Roslovic wins face-off versus Ryan McLeod in Edmonton Oil Kings zone.
6:00 of 2nd period - Snap shot by Kailer Yamamoto.
6:00 of 2nd period - Goal by Kailer Yamamoto - Santa Cruz Tiger Sharks : 2 - Edmonton Oil Kings : 0.
6:01 of 2nd period - Ryan McLeod wins face-off versus Jack Roslovic in neutral zone.
8:37 of 2nd period - Kieffer Bellows is hit by Morgan Barron and loses puck.
8:44 of 2nd period - Wrist shot by Kevin Rooney.
8:44 of 2nd period - Shot Blocked by Jack Johnson.
8:46 of 2nd period - Slapshot by Calle Rosen.
8:46 of 2nd period - Stopped by Adam Huska with a rebound.
8:48 of 2nd period - Snap shot by Alexander Volkov.
8:48 of 2nd period - Stopped by Adam Huska without a rebound.
8:49 of 2nd period - Jack Roslovic wins face-off versus Ryan McLeod in Edmonton Oil Kings zone.
9:03 of 2nd period - Minor Penalty to Kailer Yamamoto for Interference.
9:04 of 2nd period - Jack Roslovic wins face-off versus Dawson Mercer in Santa Cruz Tiger Sharks zone.
9:29 of 2nd period - Dysin Mayo is hit by Austin Strand and loses puck.
11:03 of 2nd period - Penalty to Kailer Yamamoto is over, Kailer Yamamoto is back on ice.
11:41 of 2nd period - Noah Gregor is hit by Kailer Yamamoto and loses puck.
11:52 of 2nd period - David Gustafsson is hit by Julien Gauthier and loses puck.
12:11 of 2nd period - Snap shot by Julien Gauthier.
12:11 of 2nd period - Stopped by Carter Hart with a rebound.
12:13 of 2nd period - Slapshot by Tyler Angle.
12:13 of 2nd period - Shot Misses the Net.
12:33 of 2nd period - Wrist shot by Michael McLeod.
12:33 of 2nd period - Stopped by Adam Huska with a rebound.
12:35 of 2nd period - Snap shot by Austin Strand.
12:35 of 2nd period - Shot Blocked by Dylan Holloway.
12:37 of 2nd period - Snap shot by Jesper Boqvist.
12:37 of 2nd period - Deflect By David Gustafsson.
12:37 of 2nd period - Goal by David Gustafsson - Santa Cruz Tiger Sharks : 3 - Edmonton Oil Kings : 0.
12:38 of 2nd period - Ryan McLeod wins face-off versus Jack Roslovic in neutral zone.
12:43 of 2nd period - Kailer Yamamoto is hit by Jack Johnson.
13:03 of 2nd period - Kailer Yamamoto is hit by Dysin Mayo and loses puck.
13:26 of 2nd period - Snap shot by Jack Roslovic.
13:26 of 2nd period - Shot Misses the Net.
13:28 of 2nd period - Wrist shot by Kailer Yamamoto.
13:28 of 2nd period - Stopped by Adam Huska with a rebound.
13:38 of 2nd period - Wrist shot by Kailer Yamamoto.
13:38 of 2nd period - Shot Misses the Net.
13:40 of 2nd period - Wrist shot by Austin Strand.
13:40 of 2nd period - Stopped by Adam Huska with a rebound.
13:42 of 2nd period - Wrist shot by Travis Boyd.
13:42 of 2nd period - Shot Hit the Post.
13:44 of 2nd period - Slapshot by Tobias Bjornfot.
13:44 of 2nd period - Stopped by Adam Huska with a rebound.
13:46 of 2nd period - Slapshot by Austin Strand.
13:46 of 2nd period - Stopped by Adam Huska without a rebound.
13:47 of 2nd period - Michael McLeod wins face-off versus Dylan Holloway in Edmonton Oil Kings zone.
13:51 of 2nd period - Wrist shot by Calle Rosen.
13:51 of 2nd period - Stopped by Adam Huska without a rebound.
13:52 of 2nd period - Michael McLeod wins face-off versus Dylan Holloway in Edmonton Oil Kings zone.
13:57 of 2nd period - Snap shot by Michael McLeod.
13:57 of 2nd period - Stopped by Adam Huska without a rebound.
13:58 of 2nd period - Dylan Holloway wins face-off versus Zach Sanford in Edmonton Oil Kings zone.
14:03 of 2nd period - Slapshot by Brett Kulak.
14:03 of 2nd period - Stopped by Carter Hart with a rebound.
14:05 of 2nd period - Wrist shot by Dylan Holloway.
14:05 of 2nd period - Shot Blocked by Zach Sanford.
14:07 of 2nd period - Snap shot by Noah Gregor.
14:07 of 2nd period - Shot Misses the Net.
14:09 of 2nd period - Slapshot by Gabriel Carlsson.
14:09 of 2nd period - Shot Blocked by Zach Sanford.
14:11 of 2nd period - Snap shot by Gabriel Carlsson.
14:11 of 2nd period - Deflect By Noah Gregor.
14:11 of 2nd period - Goal by Noah Gregor - Santa Cruz Tiger Sharks : 3 - Edmonton Oil Kings : 1.
14:12 of 2nd period - Ryan McLeod wins face-off versus Jack Roslovic in neutral zone.
14:14 of 2nd period - Off-side.
14:15 of 2nd period - Ryan McLeod wins face-off versus Travis Boyd in neutral zone.
14:15 of 2nd period - Ryan McLeod is hit by Tobias Bjornfot.
14:19 of 2nd period - Slapshot by Dawson Mercer.
14:19 of 2nd period - Stopped by Carter Hart with a rebound.
14:24 of 2nd period - Minor Penalty to Jack Roslovic for Holding.
14:25 of 2nd period - Dawson Mercer wins face-off versus Alexander Volkov in Santa Cruz Tiger Sharks zone.
14:31 of 2nd period - Snap shot by Dillon Dube.
14:31 of 2nd period - Stopped by Carter Hart with a rebound.
14:33 of 2nd period - Snap shot by Josh Mahura.
14:33 of 2nd period - Goal by Josh Mahura - Santa Cruz Tiger Sharks : 3 - Edmonton Oil Kings : 2.
14:34 of 2nd period - Jack Roslovic wins face-off versus Ryan McLeod in neutral zone.
15:06 of 2nd period - Austin Strand is hit by Noah Gregor and loses puck.
15:25 of 2nd period - Wrist shot by Alexander Volkov.
15:25 of 2nd period - Deflect By Joey Anderson.
15:25 of 2nd period - Stopped by Adam Huska with a rebound.
15:27 of 2nd period - Snap shot by Kevin Rooney.
15:27 of 2nd period - Goal by Kevin Rooney - Santa Cruz Tiger Sharks : 4 - Edmonton Oil Kings : 2.
15:28 of 2nd period - Jack Roslovic wins face-off versus Ryan McLeod in neutral zone.
15:35 of 2nd period - Dysin Mayo is hit by Jack Roslovic and loses puck.
15:44 of 2nd period - Snap shot by Dawson Mercer.
15:44 of 2nd period - Deflect By Filip Zadina.
15:44 of 2nd period - Stopped by Carter Hart with a rebound.
15:54 of 2nd period - Dillon Dube is hit by Jesper Boqvist and loses puck.
16:18 of 2nd period - Minor Penalty to Kevin Rooney for Interference.
16:19 of 2nd period - Jack Roslovic wins face-off versus Dawson Mercer in Santa Cruz Tiger Sharks zone.
16:19 of 2nd period - Jack Roslovic is hit by Dillon Dube.
16:29 of 2nd period - Off-side.
16:30 of 2nd period - Jack Roslovic wins face-off versus Dillon Dube in neutral zone.
16:39 of 2nd period - Slapshot by Noah Gregor.
16:39 of 2nd period - Shot Misses the Net.
16:41 of 2nd period - Snap shot by Dawson Mercer.
16:41 of 2nd period - Shot Blocked by Jack Roslovic.
16:43 of 2nd period - Snap shot by Noah Gregor.
16:43 of 2nd period - Stopped by Carter Hart without a rebound.
16:44 of 2nd period - Jack Roslovic wins face-off versus Dawson Mercer in Santa Cruz Tiger Sharks zone.
17:11 of 2nd period - Icing by Dysin Mayo.
17:12 of 2nd period - Michael McLeod wins face-off versus Ryan McLeod in Edmonton Oil Kings zone.
17:50 of 2nd period - Snap shot by Filip Zadina.
17:50 of 2nd period - Goal by Filip Zadina - Santa Cruz Tiger Sharks : 4 - Edmonton Oil Kings : 3.
17:51 of 2nd period - Dylan Holloway wins face-off versus Travis Boyd in neutral zone.
19:21 of 2nd period - Wrist shot by Jack Roslovic.
19:21 of 2nd period - Deflect By Kailer Yamamoto.
19:21 of 2nd period - Shot Misses the Net.
19:21 of 2nd period - Puck is out of play.
19:22 of 2nd period - Jack Roslovic wins face-off versus Ryan McLeod in Edmonton Oil Kings zone.
19:33 of 2nd period - Wrist shot by Kailer Yamamoto.
19:33 of 2nd period - Shot Misses the Net.
19:35 of 2nd period - Slapshot by Austin Strand.
19:35 of 2nd period - Shot Blocked by Libor Hajek.
19:37 of 2nd period - Wrist shot by Travis Boyd.
19:37 of 2nd period - Stopped by Adam Huska with a rebound.
19:39 of 2nd period - Snap shot by Kailer Yamamoto.
19:39 of 2nd period - Shot Misses the Net.
19:41 of 2nd period - Slapshot by Tobias Bjornfot.
19:41 of 2nd period - Shot Misses the Net.
19:43 of 2nd period - Backhand shot by Jack Roslovic.
19:43 of 2nd period - Deflect By Travis Boyd.
19:43 of 2nd period - Deflect By Filip Zadina.
19:43 of 2nd period - Shot Misses the Net.
19:43 of 2nd period - Puck is out of play.
19:44 of 2nd period - Michael McLeod wins face-off versus Dylan Holloway in Edmonton Oil Kings zone.
19:45 of 2nd period - Backhand shot by Jesper Boqvist.
19:45 of 2nd period - Shot Misses the Net.
19:47 of 2nd period - Wrist shot by Michael McLeod.
19:47 of 2nd period - Stopped by Adam Huska with a rebound.
Goals for this period are 4 for Santa Cruz Tiger Sharks vs 3 for Edmonton Oil Kings.
Shots for this period are 17 for Santa Cruz Tiger Sharks vs 12 for Edmonton Oil Kings.
3rd period
0:01 of 3rd period - Ryan McLeod wins face-off versus Travis Boyd in neutral zone.
0:56 of 3rd period - Snap shot by Zach Sanford.
0:56 of 3rd period - Goal by Zach Sanford - Santa Cruz Tiger Sharks : 5 - Edmonton Oil Kings : 3.
0:57 of 3rd period - Ryan McLeod wins face-off versus Jack Roslovic in neutral zone.
1:12 of 3rd period - Ryan McLeod is hit by Sean Day and loses puck.
2:13 of 3rd period - Wrist shot by Connor McMichael.
2:13 of 3rd period - Shot Misses the Net.
2:15 of 3rd period - Slapshot by Dysin Mayo.
2:15 of 3rd period - Shot Hit the Post.
2:17 of 3rd period - Wrist shot by Nikita Alexandrov.
2:17 of 3rd period - Shot Blocked by Austin Strand.
2:31 of 3rd period - Snap shot by Dawson Mercer.
2:31 of 3rd period - Shot Misses the Net.
2:43 of 3rd period - Slapshot by David Gustafsson.
2:43 of 3rd period - Stopped by Adam Huska with a rebound.
2:45 of 3rd period - Snap shot by David Gustafsson.
2:45 of 3rd period - Shot Misses the Net.
2:47 of 3rd period - Snap shot by Carter Rowney.
2:47 of 3rd period - Stopped by Adam Huska without a rebound.
2:48 of 3rd period - Dylan Holloway wins face-off versus Jack Roslovic in Edmonton Oil Kings zone.
2:48 of 3rd period - Dylan Holloway is hit by Travis Boyd.
2:55 of 3rd period - Minor Penalty to Hunter Drew for Tripping.
2:56 of 3rd period - Jack Roslovic wins face-off versus Dawson Mercer in Santa Cruz Tiger Sharks zone.
3:31 of 3rd period - Icing by Ryan McLeod.
3:32 of 3rd period - Ryan McLeod wins face-off versus Jack Roslovic in Edmonton Oil Kings zone.
3:37 of 3rd period - Snap shot by Joey Anderson.
3:37 of 3rd period - Stopped by Carter Hart with a rebound.
3:39 of 3rd period - Snap shot by Ryan McLeod.
3:39 of 3rd period - Stopped by Carter Hart without a rebound.
3:40 of 3rd period - Jack Roslovic wins face-off versus Dillon Dube in Santa Cruz Tiger Sharks zone.
3:40 of 3rd period - Jack Roslovic is hit by Noah Gregor.
4:36 of 3rd period - Filip Zadina is hit by Sean Day and loses puck.
4:55 of 3rd period - Penalty to Hunter Drew is over, Hunter Drew is back on ice.
5:10 of 3rd period - Snap shot by Connor McMichael.
5:10 of 3rd period - Deflect By Julien Gauthier.
5:10 of 3rd period - Shot Misses the Net.
5:10 of 3rd period - Puck is out of play.
5:11 of 3rd period - David Gustafsson wins face-off versus Nikita Alexandrov in Santa Cruz Tiger Sharks zone.
5:18 of 3rd period - Wrist shot by Connor McMichael.
5:18 of 3rd period - Stopped by Carter Hart with a rebound.
5:22 of 3rd period - Wrist shot by Julien Gauthier.
5:22 of 3rd period - Shot Blocked by Carter Rowney.
5:24 of 3rd period - Snap shot by Dysin Mayo.
5:24 of 3rd period - Stopped by Carter Hart without a rebound.
5:25 of 3rd period - Jack Roslovic wins face-off versus Ryan McLeod in Santa Cruz Tiger Sharks zone.
5:30 of 3rd period - Snap shot by Travis Boyd.
5:30 of 3rd period - Shot Misses the Net.
5:32 of 3rd period - Snap shot by Kailer Yamamoto.
5:32 of 3rd period - Stopped by Adam Huska without a rebound.
5:33 of 3rd period - Ryan McLeod wins face-off versus Jack Roslovic in Edmonton Oil Kings zone.
6:20 of 3rd period - Snap shot by Noah Gregor.
6:20 of 3rd period - Stopped by Carter Hart without a rebound.
6:21 of 3rd period - Dylan Holloway wins face-off versus Michael McLeod in Santa Cruz Tiger Sharks zone.
6:28 of 3rd period - Snap shot by Dillon Dube.
6:28 of 3rd period - Deflect By Noah Gregor.
6:28 of 3rd period - Stopped by Carter Hart without a rebound.
6:29 of 3rd period - Dylan Holloway wins face-off versus Jack Roslovic in Santa Cruz Tiger Sharks zone.
6:35 of 3rd period - Minor Penalty to Kailer Yamamoto for Hooking.
6:36 of 3rd period - Jack Roslovic wins face-off versus Dawson Mercer in Santa Cruz Tiger Sharks zone.
7:13 of 3rd period - Travis Boyd is hit by Filip Zadina and loses puck.
7:50 of 3rd period - Wrist shot by Michael McLeod.
7:50 of 3rd period - Stopped by Adam Huska without a rebound.
7:51 of 3rd period - Jack Roslovic wins face-off versus Dawson Mercer in Edmonton Oil Kings zone.
8:35 of 3rd period - Penalty to Kailer Yamamoto is over, Kailer Yamamoto is back on ice.
9:57 of 3rd period - Snap shot by Michael McLeod.
9:57 of 3rd period - Shot Misses the Net.
9:59 of 3rd period - Slapshot by Tobias Bjornfot.
9:59 of 3rd period - Shot Misses the Net.
10:01 of 3rd period - Slapshot by Tobias Bjornfot.
10:01 of 3rd period - Stopped by Adam Huska with a rebound.
10:03 of 3rd period - Slapshot by Tobias Bjornfot.
10:03 of 3rd period - Deflect By Jesper Boqvist.
10:03 of 3rd period - Stopped by Adam Huska with a rebound.
11:02 of 3rd period - Snap shot by Libor Hajek.
11:02 of 3rd period - Stopped by Carter Hart with a rebound.
11:12 of 3rd period - Libor Hajek is hit by Sean Day and loses puck.
11:45 of 3rd period - Julien Gauthier is hit by Tobias Bjornfot and loses puck.
12:26 of 3rd period - Snap shot by Nikita Alexandrov.
12:26 of 3rd period - Stopped by Carter Hart with a rebound.
12:28 of 3rd period - Slapshot by Jack Johnson.
12:28 of 3rd period - Stopped by Carter Hart without a rebound.
12:29 of 3rd period - Kevin Rooney wins face-off versus Filip Zadina in Santa Cruz Tiger Sharks zone.
12:40 of 3rd period - Slapshot by Calle Rosen.
12:40 of 3rd period - Shot Blocked by Dawson Mercer.
14:11 of 3rd period - Libor Hajek is hit by Kailer Yamamoto and loses puck.
14:30 of 3rd period - Travis Boyd is hit by Julien Gauthier.
14:42 of 3rd period - Slapshot by Jack Roslovic.
14:42 of 3rd period - Shot Misses the Net.
14:44 of 3rd period - Slapshot by Kristians Rubins.
14:44 of 3rd period - Stopped by Adam Huska with a rebound.
14:46 of 3rd period - Snap shot by Travis Boyd.
14:46 of 3rd period - Shot Blocked by Brett Kulak.
14:48 of 3rd period - Slapshot by Kristians Rubins.
14:48 of 3rd period - Shot Misses the Net.
15:20 of 3rd period - Icing by Kristians Rubins.
15:21 of 3rd period - Jack Roslovic wins face-off versus Ryan McLeod in Santa Cruz Tiger Sharks zone.
15:21 of 3rd period - Jack Roslovic is hit by Filip Zadina.
15:36 of 3rd period - Wrist shot by Filip Zadina.
15:36 of 3rd period - Deflect By Jack Roslovic.
15:36 of 3rd period - Shot Misses the Net.
15:36 of 3rd period - Puck is out of play.
15:37 of 3rd period - Tyler Angle wins face-off versus Kevin Rooney in Santa Cruz Tiger Sharks zone.
15:40 of 3rd period - Snap shot by Joey Anderson.
15:40 of 3rd period - Stopped by Carter Hart without a rebound.
15:41 of 3rd period - Kevin Rooney wins face-off versus Tyler Angle in Santa Cruz Tiger Sharks zone.
15:45 of 3rd period - Off-side.
15:46 of 3rd period - Kevin Rooney wins face-off versus Tyler Angle in neutral zone.
15:49 of 3rd period - Snap shot by Kieffer Bellows.
15:49 of 3rd period - Stopped by Adam Huska with a rebound.
16:07 of 3rd period - Tyler Angle is hit by Kevin Rooney and loses puck.
16:57 of 3rd period - Snap shot by Morgan Barron.
16:57 of 3rd period - Stopped by Carter Hart with a rebound.
17:11 of 3rd period - Morgan Barron is hit by Alexander Volkov and loses puck.
17:38 of 3rd period - Wrist shot by Kieffer Bellows.
17:38 of 3rd period - Stopped by Adam Huska with a rebound.
17:40 of 3rd period - Slapshot by Austin Strand.
17:40 of 3rd period - Stopped by Adam Huska with a rebound.
17:42 of 3rd period - Backhand shot by Austin Strand.
17:42 of 3rd period - Stopped by Adam Huska with a rebound.
18:13 of 3rd period - Snap shot by Morgan Barron.
18:13 of 3rd period - Stopped by Carter Hart without a rebound.
18:14 of 3rd period - Jack Roslovic wins face-off versus Ryan McLeod in Santa Cruz Tiger Sharks zone.
18:23 of 3rd period - Snap shot by Dawson Mercer.
18:23 of 3rd period - Shot Misses the Net.
18:25 of 3rd period - Slapshot by Gabriel Carlsson.
18:25 of 3rd period - Stopped by Carter Hart with a rebound.
18:27 of 3rd period - Backhand shot by Gabriel Carlsson.
18:27 of 3rd period - Shot Misses the Net.
18:29 of 3rd period - Wrist shot by Dawson Mercer.
18:29 of 3rd period - Shot Misses the Net.
Goals for this period are 1 for Santa Cruz Tiger Sharks vs 0 for Edmonton Oil Kings.
Shots for this period are 12 for Santa Cruz Tiger Sharks vs 13 for Edmonton Oil Kings.
Back to the Top